 Dungeon Crawl Stone Soup version 0.29.1-debian-1-gc3f1650bb9 (webtiles) character file.

Game seed: 10437630629877123399

823 IdlyInterested the Trooper (level 7, 0/55 HPs)
             Began as a Demonspawn Wanderer on Sept 12, 2022.
             Slain by an iguana (6 damage)
             ... on level 6 of the Dungeon.
             The game lasted 00:21:02 (7044 turns).

IdlyInterested the Trooper (Demonspawn Wanderer)    Turns: 7044, Time: 00:21:02

Health: 0/55       AC: 11    Str: 23    XL:     7   Next: 63%
Magic:  13/13      EV:  7    Int: 13    God:
Gold:   198        SH: 12    Dex: 16    Spells: 14/14 levels left

rFire   . . .      SeeInvis .     - Unarmed
rCold   . . .      Faith    .   D - +0 kite shield
rNeg    . . .      Spirit   .   r - +0 chain mail
rPois   .          Reflect  +   (helmet restricted)
rElec   .          Harm     .   (no cloak)
rCorr   .          Rampage  .   f - +0 pair of gloves
Will    .....                   b - +0 pair of boots
Stlth   ..........              L - amulet of reflection
HPRegen 0.18/turn               i - +6 ring of dexterity
MPRegen 0.13/turn               a - +6 ring of strength

@: no status effects
A: antennae 2
a: no special abilities


You were on level 6 of the Dungeon.
You visited 1 branch of the dungeon, and saw 6 of its levels.
You also visited: Sewer.

You collected 198 gold pieces.

Inventory:

Hand Weapons
 l - a +0 short sword
 q - a +0 hand axe
 x - a +0 trident of protection
 F - a +0 flail
Missiles
 t - 4 poisoned darts (quivered)
 y - 3 curare-tipped darts
 B - 2 javelins
 O - 5 atropa-tipped darts
Armour
 b - a +0 pair of boots (worn)
 d - a +0 leather armour
 f - a +0 pair of gloves (worn)
 j - a +0 ring mail
 r - a +0 chain mail (worn)
 s - a +0 scale mail
 D - a +0 kite shield (worn)
 E - a +0 buckler
Magical Staves
 e - a staff of death
 k - a staff of fire
Jewellery
 a - a +6 ring of strength (right hand)
 g - a ring of flight
 i - a +6 ring of dexterity (left hand)
 L - an amulet of reflection (around neck)
Wands
 w - a wand of roots (5)
 N - a wand of charming (6)
Scrolls
 c - 2 scrolls of fog
 m - a scroll of brand weapon
 z - a scroll of blinking
 H - a scroll of fear
 J - a scroll of teleportation
 K - a scroll of vulnerability {unknown}
Potions
 h - 4 potions of brilliance
 n - a potion of experience
 o - 2 potions of lignification
 p - 2 potions of attraction
 u - a potion of haste {unknown}
 v - 2 potions of ambrosia {unknown}
 A - a potion of flight {unknown}
 C - a potion of cancellation {unknown}
 G - a potion of resistance {unknown}
 I - 4 potions of invisibility {unknown}
 M - a potion of degeneration {unknown}


   Skills:
 * Level 4.9 Fighting
 - Level 1.0 Throwing
 - Level 4.0 Armour
 - Level 2.0 Dodging
 - Level 1.0 Stealth
 * Level 3.7 Unarmed Combat
 + Level 4.1 Spellcasting
 - Level 1.1 Necromancy
 - Level 1.0 Evocations


You had 14 spell levels left.
You didn't know any spells.
Your spell library contained the following spells:

 Spells                   Type           Power      Damage    Failure   Level
 Necrotise                Necr           20%        1d5       98%         1
 Apportation              Tloc           4%         N/A       99%         1
 Freeze                   Ice            8%         1d3       99%         1
 Summon Small Mammal      Summ           8%         N/A       99%         1
 Sublimation of Blood     Necr           5%         N/A       99%         2
 Cigotuvi's Dreadful Rot  Necr/Pois/Air  6%         N/A       100%        2
 Frozen Ramparts          Ice            4%         1d1       100%        3
 Hailstorm                Conj/Ice       2%         3d3       100%        4


Dungeon Overview and Level Annotations

Branches:
Dungeon (6/15)              Sewer (visited)
 Temple: D:4-7

Altars:
Fedhas
Nemelex Xobeh
Qazlal
Vehumet

Shops:
D:4 (


Innate Abilities, Weirdness & Mutations

You have a pair of antennae on your head.


Message History

You block the shadow imp's attack. You block the iguana's attack.
You barely miss the shadow imp.
The shadow imp is lightly wounded.
You block the shadow imp's attack. The iguana barely misses you.
You barely miss the shadow imp.
The shadow imp is lightly wounded.
The shadow imp hits you. The iguana bites you.
You closely miss the shadow imp.
The shadow imp is lightly wounded.
You block the shadow imp's attack. You block the iguana's attack.
You closely miss the shadow imp.
The shadow imp is lightly wounded.
The shadow imp hits you but does no damage.
The iguana closely misses you.
Okay, then.
You closely miss the shadow imp.
The shadow imp is lightly wounded.
You block the shadow imp's attack. You block the iguana's attack.
The shadow imp barely misses you. The iguana bites you!
You barely miss the shadow imp.
The shadow imp is lightly wounded.
You block the iguana's attack. The shadow imp barely misses you.
You hit the shadow imp.
The shadow imp is moderately wounded.
You block the shadow imp's attack.
The iguana bites you but does no damage.
You closely miss the shadow imp.
The shadow imp is moderately wounded.
The shadow imp hits you but does no damage.
The iguana bites you!
* * * LOW HITPOINT WARNING * * *
You hit the shadow imp.
The shadow imp is severely wounded.
The shadow imp closely misses you. You block the iguana's attack.
You hit the shadow imp.
The shadow imp is almost dead.
The shadow imp hits you.
* * * LOW HITPOINT WARNING * * *
The iguana bites you.
You die...

. ..
#######...
#@l.......
#.5.(.....
#.<.......
#...(.....
#.........
#.........
#.#######.
... $..


You could see an iguana and a shadow imp.

Vanquished Creatures
  2 bullfrogs (Sewer)
  A scorpion (D:6)
  A necrophage (D:5)
  An orc priest (D:4)
  5 hounds
  An iguana (D:5)
  3 orc wizards (D:4)
  13 adders
  3 river rats
  A shadow imp (D:4)
  A white imp (D:5)
  2 ufetubi (D:4)
  4 worms
  3 dart slugs
  5 orcs (D:4)
  19 ball pythons
  2 bats
  9 endoplasms
  2 giant cockroaches
  5 goblins
  6 hobgoblins
  7 jackals (D:4)
  2 kobolds
  3 quokkas
  4 frilled lizards
  31 rats
  A spectral goblin (D:2)
137 creatures vanquished.

Notes
Turn   | Place    | Note
-------+----------+-------------------------------------------
     0 | D:1      | IdlyInterested the Demonspawn Wanderer began the quest for
                  | the Orb.
     0 | D:1      | IdlyInterested set off with the following items: a +0 club,
                  | a +0 pair of boots, a scroll of fog, a +0 leather armour, 2
                  | potions of heal wounds; and the following spells available
                  | to memorise: Sublimation of Blood, Cigotuvi's Dreadful Rot.
     0 | D:1      | Reached XP level 1. HP: 15/15 MP: 2/2
   736 | D:1      | Gained mutation: You have a pair of small antennae on your
                  | head. [demonic ancestry]
   736 | D:1      | Reached XP level 2. HP: 19/21 MP: 3/3
  1438 | D:2      | Reached XP level 3. HP: 24/27 MP: 4/4
  1603 | D:2      | Found a faded altar of an unknown god.
  2022 | D:3      | Found a stormy altar of Qazlal.
  2261 | D:3      | Reached XP level 4. HP: 28/34 MP: 7/7
  2847 | D:3      | Found a radiant altar of Vehumet.
  3315 | D:4      | Reached XP level 5. HP: 3/41 MP: 8/8
  3702 | D:4      | Reached skill level 1 in Throwing
  3872 | D:4      | Reached skill level 1 in Stealth
  4065 | D:4      | Found Pum Abem's Antique Weapon Boutique.
  4143 | D:4      | Reached XP level 6. HP: 48/48 MP: 10/10
  4200 | D:4      | Found a sparkling altar of Nemelex Xobeh.
  4391 | D:5      | Entered Level 5 of the Dungeon
  4703 | D:5      | Found a glowing drain.
  4711 | Sewer    | Entered a sewer
  5260 | Sewer    | Gained mutation: You have a pair of antennae on your head.
                  | [demonic ancestry]
  5260 | Sewer    | Reached XP level 7. HP: 10/54 MP: 12/12
  6376 | D:5      | Found a blossoming altar of Fedhas.
  7044 | D:6      | Slain by an iguana

Illustrated notes

Levels and vault maps discovered:
D:1:      scummos_arrival_forest, layout_basic
D:2:      layout_rooms, dreamdust_ecumenical_altar_drowned_temple
D:3:      layout_loops_ring, nicolae_qazlal_general_emergency,
          marbit_many_paths, kennysheep_generic_room_15
D:4:      layout_loops_cross, lemuel_coloured_pillars_altar, serial_shops,
          nicolae_take_the_stairs, minivault_11
D:5:      layout_basic, old_standard_altar, lightli_sewer_entry_pipes,
          hangedman_decor_push
D:6:      layout_rooms, glass_columns_a, small_statue_alley_b

Skill      XL: |  1  2  3  4  5  6  7 |
---------------+----------------------+-----
Fighting       | 2 3 4 |  4.9
Armour         | 2 3 4 |  4.0
Spellcasting   | 2 3 4 |  4.1
Dodging        | 2 |  2.0
Throwing       | 1 |  1.0
Stealth        | 1 |  1.0
Unarmed Combat | |  3.7
Necromancy     | |  1.1
Evocations     | |  1.0

Action                   |  1- 3 |  4- 6 |  7- 9 || total
-------------------------+-------+-------+-------++-------
Melee: Unarmed           |   143 |   399 |   121 ||   663
       Punch             |     5 |       |       ||     5
Throw: Dart              |       |       |     2 ||     2
  Use: Scroll            |     6 |     3 |     4 ||    13
       Potion            |       |     6 |     2 ||     8
Armor: Leather armour    |     7 |       |       ||     7
       Ring mail         |    29 |       |       ||    29
       Chain mail        |    31 |   244 |   109 ||   384
Dodge: Dodged            |    58 |   111 |    54 ||   223
Block: Kite shield       |       |   150 |    84 ||   234
       Reflection        |       |       |     2 ||     2
